 Dungeon Crawl Stone Soup version 0.17.2-1-ge4368a0 (webtiles) character file.

192 Goblin1989 the Spear-Bearer (level 5, -4/38 HPs)
             Began as a Merfolk Gladiator on Aug 29, 2016.
             Shot with an arrow by a centaur (8 damage)
             ... on level 3 of the Dungeon.
             The game lasted 00:06:06 (2686 turns).

Goblin1989 the Spear-Bearer (Merfolk Gladiator)     Turns: 2686, Time: 00:06:06

Health: -4/38      AC:  6    Str: 16    XL:     5   Next: 71%
Magic:  5/5        EV: 12    Int:  8    God:
Gold:   191        SH:  0    Dex: 14    Spells: 0 memorised, 4 levels left

rFire  . . .     SeeInvis .     a - +0 trident
rCold  . . .     Clarity  .     n - +0 ring mail
rNeg   . . .     SustAt   .     (no shield)
rPois  .         Gourm    .     c - +0 helmet
rElec  .         Spirit   .     (no cloak)
rCorr  .         Warding  .     (no gloves)
rMut   .         Stasis   .     (no boots)
MR     .....                    (no amulet)
Stlth  +.........               (no ring)
                                (no ring)

@: not resistant to hostile enchantments, very unstealthy
A: change form in water, swift swim
a: no special abilities


You were on level 3 of the Dungeon.
You were not hungry.

You visited 1 branch of the dungeon, and saw 3 of its levels.

You collected 191 gold pieces.

Inventory:

Hand Weapons
 a - a +0 trident (weapon)
 b - a +0 blowgun
Missiles
 p - a throwing net (quivered)
 x - 5 javelins
 y - 7 poisoned needles
Armour
 c - a +0 helmet (worn)
 n - a +0 ring mail (worn)
Scrolls
 d - a scroll of random uselessness {unknown}
 g - 2 scrolls of teleportation {unknown}
 l - 3 scrolls of recharging {unknown}
 q - a scroll of amnesia
 s - a scroll of noise {unknown}
 u - a scroll of fear {unknown}
Potions
 f - a potion of lignification {unknown}
 h - a potion of resistance {unknown}
 i - a potion of heal wounds {unknown}
 j - a potion of cure mutation {unknown}
 t - a potion of curing {unknown}
 v - 2 potions of flight {unknown}
 w - a potion of degeneration {unknown}
 z - a potion of haste {unknown}
Comestibles
 e - 3 bread rations
 m - 2 meat rations
 o - a royal jelly
 r - a beef jerky


   Skills:
 - Level 2.1 Fighting
 * Level 9.0 Polearms
 - Level 2.0 Throwing
 - Level 4.0 Dodging


You had 4 spell levels left.
You didn't know any spells.

Dungeon Overview and Level Annotations

Branches:
Dungeon (3/15)

Altars:
Trog


Message History

The centaur wields a shortbow.
The centaur shoots an arrow.
The arrow hits you!
You take 12 damage, and have 26/38 hp.
MASSIVE DAMAGE!!
The centaur shoots an arrow.
The arrow hits you!
You see here an arrow.
You take 11 damage, and have 15/38 hp.
MASSIVE DAMAGE!!
Read which item? (? for menu, Esc to quit)
As you read the scroll labeled YSOQUI ADUAPT, it crumbles to dust.
The scroll dissolves into smoke.
It was a scroll of fog.
The centaur shoots an arrow.
The arrow hits you!
* * * LOW HITPOINT WARNING * * *
You see here an arrow.
You take 11 damage, and have 4/38 hp.
MASSIVE DAMAGE!!
Read which item? (? for menu, Esc to quit)
As you read the scroll of fog, it crumbles to dust.
The scroll dissolves into smoke.
The centaur shoots an arrow.
The arrow closely misses you.
The centaur shoots an arrow.
The arrow hits you!
You die...

#.#.########.#
#####'#+## ##....#
#........###..##..
#.......).........
#..........####P.#
#..........# #..#
#§§§.......# #P.)
#§§§......P#+##..#
#@§§..............
#####§§.§.............
#...§§§..........#+###
#.............### #
#.........#+#.# #
+.........# #
#.........# #
#........c# .
#........... .


You could see a centaur.

Vanquished Creatures
  An orc priest (D:3)
  A worker ant (D:3)
  3 gnolls (D:2)
  2 adders (D:2)
  3 oozes
  3 worms
  2 giant geckos
  3 orcs (D:3)
  3 bats
  11 goblins
  5 hobgoblins
  6 jackals
  9 kobolds
  2 ball pythons
  5 giant cockroaches
  2 giant newts
  A quokka (D:2)
  3 rats
65 creatures vanquished.

Notes
Turn   | Place    | Note
--------------------------------------------------------------
     0 | D:1      | Goblin1989 the Merfolk Gladiator began the quest for the Orb.
     0 | D:1      | Reached XP level 1. HP: 16/16 MP: 1/1
    91 | D:1      | Reached skill level 5 in Polearms
   101 | D:1      | Reached XP level 2. HP: 16/22 MP: 2/2
   388 | D:1      | Reached XP level 3. HP: 27/27 MP: 3/3
   394 | D:1      | Reached skill level 6 in Polearms
   976 | D:2      | Reached XP level 4. HP: 33/33 MP: 4/4
   993 | D:2      | Found a faded altar to an unknown god.
  1005 | D:2      | Reached skill level 7 in Polearms
  1183 | D:2      | Found a bloodstained altar of Trog.
  1653 | D:3      | Reached skill level 8 in Polearms
  1653 | D:3      | Reached XP level 5. HP: 20/38 MP: 5/5
  2612 | D:3      | Reached skill level 9 in Polearms
  2682 | D:3      | Noticed a centaur
  2686 | D:3      | Shot with an arrow by a centaur

Action                   |  1- 3 |  4- 6 || total
-------------------------+-------+-------++-------
Melee: Trident           |   100 |   128 ||   228
Throw: Throwing net      |       |     3 ||     3
  Use: Scroll            |       |     5 ||     5
 Stab: Sleeping          |     2 |       ||     2
  Eat: Chunk             |       |     6 ||     6
